 Dungeon Crawl Stone Soup version 0.27-a0-1245-g940ed4fa31 (webtiles) character file.

Game seed: 11706842100425918310

2720 sizableburger the Gusty (level 9, -10/74 HPs)
             Began as an Ogre Air Elementalist on June 9, 2021.
             Was a Believer of Lugonu.
             Engulfed by a cloud of flame (19 damage)
             ... on level 7 of the Dungeon.
             The game lasted 00:24:03 (9342 turns).

sizableburger the Gusty (Ogre Air Elementalist)     Turns: 9342, Time: 00:24:04

Health: -10/74     AC:  5    Str: 13 (14) XL:     9   Next: 66%
Magic:  16/20      EV:  9    Int: 17 (19) God:    Lugonu [**....]
Gold:   344        SH:  0    Dex:  7 (9)  Spells: 4/22 levels left

rFire    . . .     SeeInvis .   d - +1 dagger (drain)
rCold    . . .     Faith    .   (no shield)
rNeg     . . .     Spirit   .   a - +2 robe
rPois    .         Reflect  .   (helmet restricted)
rElec    .         Harm     .   (no cloak)
rCorr    .         Rampage  .   (gloves unavailable)
Will     .....                  (boots unavailable)
Stlth    +.........             o - amulet of magic regeneration
HPRegen  0.22/turn              (no ring)
MPRegen  0.42/turn              (no ring)

@: attractive, very slightly contaminated, invisible
A: large, unfitting armour, tough skin 1
a: Renounce Religion, Depart the Abyss, Bend Space


You were on level 7 of the Dungeon.
You worshipped Lugonu.
Lugonu was pleased with you.
You visited 2 branches of the dungeon, and saw 8 of its levels.

You collected 344 gold pieces.

Inventory:

Hand Weapons
 d - a +1 dagger of draining (weapon)
Armour
 a - a +2 robe (worn)
Jewellery
 o - an amulet of magic regeneration (around neck)
Wands
 g - a wand of paralysis (9)
 p - a wand of mindburst (11)
 s - a wand of digging (7)
Scrolls
 b - a scroll of silence
 e - 2 scrolls of noise
 l - a scroll of immolation
Potions
 c - 2 potions of haste
 h - 3 potions of curing
 j - a potion of mutation
 k - a potion of lignification
 q - a potion of cancellation


   Skills:
 - Level 1.7 Dodging
 - Level 1.4 Stealth
 + Level 7.4 Spellcasting
 + Level 6.3 Conjurations
 + Level 7.8 Air Magic
 - Level 3.7 Invocations


You had 4 spell levels left.
You knew the following spells:

 Your Spells              Type           Power      Damage    Failure   Level
a - Shock                 Conj/Air       100%       1d9       1%          1
b - Static Discharge      Conj/Air       30%        N/A       1%          2
c - Swiftness             Air            32%        N/A       1%          3
d - Airstrike             Air            16%        N/A       4%          4
e - Mephitic Cloud        Conj/Pois/Air  22%        N/A       4%          3
f - Lightning Bolt        Conj/Air       15%        1d29      17%         5

Your spell library contained the following spells:

 Spells                   Type           Power      Damage    Failure   Level
 Magic Dart               Conj           100%       1d8       1%          1
 Conjure Flame            Conj/Fire      17%        6-21      9%          3
 Blink                    Tloc           N/A        N/A       17%         2
 Call Imp                 Summ           6%         N/A       17%         2
 Slow                     Hex            6%         N/A       17%         2


Dungeon Overview and Level Annotations

Branches:
Dungeon (7/15)             Temple (1/1) D:4

Altars:
Ashenzari
Cheibriados
Dithmenos
Elyvilon
Hepliaklqana
Makhleb
Nemelex Xobeh
Okawaru
Qazlal
Ru
Sif Muna
Trog
Vehumet
Wu Jian
Yredelemnul
The Shining One
Lugonu

Shops:
D:2 [   D:6 (!(

Annotations:
D:7 1 transporter


Innate Abilities, Weirdness & Mutations

You are too large for most types of armour.
You have tough skin. (AC +1)


Message History

Aim: a shadow imp (inner flame)
The air twists around and strikes the shadow imp!
Lugonu accepts your kill.
The shadow imp explodes!
The fiery explosion engulfs the shadow imp!!!
Lugonu accepts your kill.
The fiery explosion engulfs something!!
Flame seeps out of something.
The fiery explosion engulfs the vampire!!
Flame seeps out of the vampire.
The vampire is severely damaged.
The shadow imp explodes!
The fiery explosion engulfs something!!
Lugonu accepts your kill.
Reactivating autopickup.
You feel a bit more experienced.
The fiery explosion engulfs the vampire!!
Lugonu accepts your kill. The fiery explosion engulfs you!!
The vampire explodes! x2
Snikeer's ghost is pulled toward you!
You feel your strength returning.
Your Spellcasting skill increases to level 7!
Your Conjurations skill increases to level 6!
You feel much better.
Snikeer's ghost is engulfed in blazing flames.
Lugonu accepts your kill.
Snikeer's ghost explodes!
The fiery explosion engulfs you!!
The centaur simulacrum is pulled toward you!
You feel your dexterity returning.
The centaur simulacrum is engulfed in blazing flames.
Flame seeps out of the centaur simulacrum.
Unknown command.
You catch the helpless centaur simulacrum completely off-guard!
You hit the centaur simulacrum. Lugonu accepts your kill.
The centaur simulacrum explodes!
The fiery explosion engulfs you!!
* * * LOW HITPOINT WARNING * * *
You die...

.........##...########
.......).)..©.......#
###...#############.#
...##.#(...:?(....#.#
...##.#Z..........#.#
...##.#..##...##..#.#
...##.#..#8...8#..#.#
...##.#..##.§§##§.#.#
...##.#.....§§§§@.#.#
...##.#..##.§§##..#.#
...##.#..#8...8#..#.#
......#..##.Z.##..#.#
......#...........#.#
).....#..........©#.#
......#############.#
............©.......#
..............######


There were no monsters in sight!

Vanquished Creatures
  Pikel (D:5)
  The ghost of Snikeer the Chiller, an amateur GnIE (D:7)
  2 vampires (D:7)
  Eustachio (D:4)
  Menkaure (D:6)
  A sky beast (D:6)
  A black bear (D:5)
  A necrophage (D:4)
  An ogre (D:5)
  A centaur (D:6)
  A kobold brigand (D:7)
  2 scorpions
  A wyvern zombie (D:6)
  2 electric eels (D:6)
  3 howler monkeys (D:7)
  A jelly (D:4)
  A bullfrog skeleton (D:6)
  4 hounds
  An orc priest (D:7)
  2 iguanas
  An orc wizard (D:7)
  A centaur simulacrum (D:7)
  A hound skeleton (D:5)
  8 adders
  11 gnolls
  2 shadow imps (D:7)
  A white imp (D:3)
  4 worms
  2 dart slugs
  10 orcs
  6 ball pythons
  6 endoplasms
  6 giant cockroaches
  9 goblins
  11 hobgoblins
  5 jackals
  5 quokkas
  6 bats
  2 frilled lizards
  6 kobolds
  9 rats
141 creatures vanquished.

Vanquished Creatures (others)
  A demonic plant (Temple)
1 creature vanquished.

Grand Total: 142 creatures vanquished

Notes
Turn   | Place    | Note
-------+----------+-------------------------------------------
     0 | D:1      | sizableburger the Ogre Air Elementalist began the quest for
                  | the Orb.
     0 | D:1      | Reached XP level 1. HP: 16/16 MP: 3/3
    32 | D:1      | Reached skill level 1 in Conjurations
   315 | D:1      | Reached XP level 2. HP: 24/24 MP: 2/5
   699 | D:1      | Learned a level 2 spell: Static Discharge
   771 | D:1      | Reached XP level 3. HP: 31/31 MP: 1/7
   992 | D:1      | Found a faded altar of an unknown god.
  1255 | D:2      | Found Jumazxen's Armour Shoppe.
  1458 | D:2      | Learned a level 3 spell: Swiftness
  2031 | D:2      | Reached XP level 4. HP: 33/39 MP: 3/9
  2990 | D:3      | Reached XP level 5. HP: 45/45 MP: 7/11
  3110 | D:3      | Found a radiant altar of Vehumet.
  3719 | D:3      | Learned a level 4 spell: Airstrike
  4509 | D:4      | Found a snail-covered altar of Cheibriados.
  4543 | D:4      | Reached XP level 6. HP: 48/53 MP: 10/13
  4588 | D:4      | Noticed a necrophage
  4606 | D:4      | Killed a necrophage
  4607 | D:4      | Reached skill level 5 in Spellcasting
  4865 | D:4      | Found a staircase to the Ecumenical Temple.
  4873 | Temple   | Entered the Ecumenical Temple
  4916 | Temple   | Became a worshipper of Lugonu the Unformed
  4916 | Temple   | Reached * piety under Lugonu
  5008 | D:4      | Noticed Eustachio
  5016 | D:4      | Killed Eustachio
  5017 | D:4      | Reached skill level 5 in Air Magic
  5017 | D:4      | Reached XP level 7. HP: 41/59 MP: 8/14
  5442 | D:4      | Learned a level 3 spell: Mephitic Cloud
  5512 | D:5      | Entered Level 5 of the Dungeon
  5933 | D:5      | Found a sparkling altar of Nemelex Xobeh.
  6222 | D:5      | Reached skill level 1 in Invocations
  6346 | D:5      | Found an iron altar of Okawaru.
  6661 | D:5      | Noticed Pikel
  6696 | D:5      | Killed Pikel
  6697 | D:5      | Reached XP level 8. HP: 43/67 MP: 3/15
  7210 | D:6      | Found a shimmering blue altar of Sif Muna.
  7396 | D:6      | Noticed Menkaure
  7405 | D:6      | Killed Menkaure
  7406 | D:6      | Reached skill level 5 in Conjurations
  7416 | D:6      | Reached XP level 9. HP: 18/74 MP: 1/18
  7767 | D:6      | Found Pykh's Distillery.
  7836 | D:6      | Found Nuhyaw's Antique Weapon Emporium.
  7907 | D:6      | Found Meteduq's Weapon Emporium.
  8165 | D:6      | Found a white marble altar of Elyvilon.
  8595 | D:7      | Learned a level 5 spell: Lightning Bolt
  8604 | D:7      | Found a stormy altar of Qazlal.
  8791 | D:7      | Noticed Snikeer's ghost (amateur GnIE)
  8981 | D:7      | Reached ** piety under Lugonu
  9308 | D:7      | Found a transporter.
  9321 | D:7      | Found a transporter.
  9340 | D:7      | Killed Snikeer's ghost
  9342 | D:7      | Engulfed by a cloud of flame

Illustrated notes

Levels and vault maps discovered:
D:1:      saegor_arrival_under_anarchy, layout_loops_ring,
          dilly_ecumenical_altar_fadedgnrine, palyth_stone_intersect,
          minmay_misc_feat_plants, fountainhead, due_unseen_surprise
D:2:      minmay_razor_zed, layout_rooms, serial_shops, shop,
          kennysheep_another_room
D:3:      layout_loops_ring, nicolae_vehumet_radiance, minmay_door_square,
          kennysheep_generic_room_16
D:4:      layout_loops_cross, kennysheep_slug_shrine,
          minmay_temple_entry_drinking_statues, corexii_leaking_fountain,
          uniq_eustachio
D:5:      layout_basic, kennysheep_mini, nicolae_overflow_crystal_walls,
          nicolae_overflow_hidden_temple, uniq_pikel
D:6:      layout_loops_ring, nicolae_elyvilon_peaceful_grove,
          nicolae_sif_muna_condensation, serial_shops, kennysheep_mini_moat,
          kennysheep_little_box, shop_fountains, uniq_menkaure
D:7:      layout_gridville, nicolae_qazlal_style_of_elements,
          gammafunk_ghost_mausoleum
Temple:   corrupted_temple

Skill      XL: |  1  2  3  4  5  6  7  8  9 |
---------------+----------------------------+-----
Conjurations   | 1 2 4 5 6 |  6.3
Air Magic      | 3 4 5 6 7 |  7.8
Spellcasting   | 3 4 5 6 7 |  7.4
Invocations    | 3 |  3.7
Dodging        | |  1.7
Stealth        | |  1.4

Action                   |  1- 3 |  4- 6 |  7- 9 || total
-------------------------+-------+-------+-------++-------
Melee: Unarmed           |     4 |       |       ||     4
       Dagger            |    20 |    68 |    52 ||   140
 Cast: Shock             |    50 |    84 |    71 ||   205
       Static Discharge  |     8 |    16 |     7 ||    31
       Airstrike         |       |       |    21 ||    21
       Mephitic Cloud    |       |       |     2 ||     2
       Swiftness         |       |       |     1 ||     1
  Use: Potion            |       |       |     9 ||     9
       Scroll            |       |       |    13 ||    13
 Stab: Sleeping          |     1 |     1 |       ||     2
       Invisible         |       |       |     1 ||     1
Armor: Robe              |    16 |    32 |    42 ||    90
Dodge: Dodged            |    19 |    36 |    70 ||   125

Table legend: (Time is in decaauts)
 A = Elapsed time spent in this place.
 B = Non-inter-level travel time spent in this place.
 C = Inter-level travel time spent in this place.
 D = Time resting spent in this place.
 E = Time spent auto-exploring this place.
 F = Levels seen in this place.
 G = Mean time per level.
                   A        B        C        D        E       F      G
               +--------+--------+--------+--------+--------+-----+--------+
         Total |   9318 |   8837 |    481 |   2097 |   5582 |   8 | 1164.8 |
       Dungeon |   9260 |   8792 |    468 |   2097 |   5582 |   7 | 1322.9 |
        Temple |     57 |     44 |     13 |      0 |      0 |   1 |   57.0 |
               +--------+--------+--------+--------+--------+-----+--------+

Top non-repeatable levels by time:
     D:5: 1690 daAuts
     D:2: 1611 daAuts
     D:3: 1562 daAuts
     D:6: 1358 daAuts
     D:1: 1205 daAuts
     D:4: 1075 daAuts
     D:7: 755 daAuts
  Temple: 57 daAuts
